Description

Based on Vibe's B2GM Series Terran | April 2, 2021

Per video:

  1. Max out at 9:30 mins
  2. Understand Base Upkeep
  3. Learn priorities
  4. Develop good habits

VOD

https://youtu.be/2P-NpORj0Fo?t=2614

Build Order

Get SALT Encoding   

  14  0:17  Supply Depot  
  16  0:41  Barracks  Rally to natural
  16  0:44  Refinery  
  19  1:28  Marine  
  20  1:29  Orbital Command  Send SCV scout
  20  1:39  Command Center  
  20  1:47  Marine  
  21  1:53  Supply Depot  Wall-in front
  22  2:06  Factory  SCV will build Rax when done
  22  2:09  Barracks Reactor  Continue producing Marines
  27  2:51  Factory Tech Lab  
  27  2:54  Orbital Command, Barracks  
  28  3:06  Refinery  
  31  3:13  Siege Tank  Continue to produce
  40  3:44  Barracks Tech Lab  
  41  3:46  Starport  
  52  4:28  Command Center  Build in main
  63  4:54  Starport Reactor  
  66  5:11  Refinery x2  Natural base
  82  5:44  Engineering Bay x2  
  82  5:46  Orbital Command  
  89  6:03  Barracks x3  
  106  6:51  Barracks Reactor x3  
Spawning Tool Build Advisor. Get it on Overwolf

Go to:

Details

  • Created by: zebulajams    
  • Published on: Nov 22, 2021
  • Modified on: Nov 22, 2021
  • Patch: 4.11.0
  • Difficulty: Easy
Show
View Real Time Build Order
Export as new Build Order

Comments (0)

There are no comments. Be the first!

Create an account to comment!